 Dungeon Crawl Stone Soup version 0.30.1-4-g462c640d31 (webtiles) character file.

Game seed: 6193738644141852736

319 Heoruswealwe the Magician (level 6, 0/32 HPs)
             Began as a Deep Elf Conjurer on Aug 11, 2023.
             Slain by Duvessa
             ... wielding a +0 rapier
              (9 damage)
             ... on level 4 of the Dungeon.
             The game lasted 00:23:21 (2428 turns).

Heoruswealwe the Magician (Deep Elf Conjurer)       Turns: 2428, Time: 00:23:21

Health: 0/32       AC:  3    Str:  4    XL:     6   Next: 21%
Magic:  15/26      EV: 12    Int: 25    God:
Gold:   67         SH:  0    Dex: 13    Spells: 4/18 levels left

rFire   . . .        (no weapon)
rCold   . . .        (no shield)
rNeg    . . .        c - +0 robe
rPois   .            (no helmet)
rElec   .            h - +0 cloak
rCorr   .            (no gloves)
SInv    .            (no boots)
Will    .....        (no amulet)
Stlth   ++           k - ring of magical power
HPRegen 0.25/turn    (no ring)
MPRegen 0.20/turn

%: no passive effects
@: no status effects
A: no striking features
a: no special abilities


You were on level 4 of the Dungeon.
You visited 1 branch of the dungeon, and saw 4 of its levels.
You also visited: Sewer.

You collected 113 gold pieces.
You spent 46 gold pieces at shops.

Inventory:

Hand Weapons
 l - the +2 mace "Ziumuom" {vamp, *Slow rElec rC++ rN+++ Dex-2}
   (You found it on level 3 of the Dungeon)

   Dex:       It affects your dexterity (-2).
   rC:        It greatly protects you from cold.
   rElec:     It insulates you from electricity.
   rN:        It renders you almost immune to negative energy.
   *Slow:     It may slow you when you take damage.
Armour
 c - a +0 robe (worn)
 h - a +0 cloak (worn)
 q - a +0 robe
Jewellery
 k - a ring of magical power (left hand)
Scrolls
 d - a scroll of teleportation {unknown}
 e - a scroll of blinking {unknown}
 f - a scroll of immolation {unknown}
 i - a scroll of fear {unknown}
 m - a scroll of brand weapon {unknown}
 n - a scroll of enchant armour {unknown}
Potions
 a - 4 potions of heal wounds
 b - 3 potions of magic
 g - a potion of curing {unknown}
 j - a potion of degeneration {unknown}
 o - a potion of mutation {unknown}
 p - a potion of resistance {unknown}


   Skills:
 - Level 2.4 Dodging
 - Level 2.4 Stealth
 + Level 6.6 Spellcasting
 + Level 6.6 Conjurations


You had 4 spell levels left.
You knew the following spells:

 Your Spells              Type           Power      Damage    Failure   Level
a - Magic Dart            Conj           100%       1d8       1%          1
b - Searing Ray           Conj           82%        2d7       1%          2
c - Dazzling Flash        Conj/Hex       48%        N/A       5%          3
d - Fulminant Prism       Conj/Hex       12%        3d9       19%         4
e - Iskenderun's Mystic   Conj/Tloc      24%        2d7       19%         4

Your spell library contained the following spells:

 Spells                   Type           Power      Damage    Failure   Level
 Apportation              Tloc           16%        N/A       7%          1
 Alistair's Intoxication  Tmut/Pois      5%         N/A       89%         5


Dungeon Overview and Level Annotations

Branches:
Dungeon (4/15)              Sewer (visited)
 Temple: D:4-7

Altars:
The Shining One

Shops:
D:1 *

Annotations:
D:4 Dowan, Duvessa


Message History

Dowan shouts!
Duvessa, Sister of Dowan comes into view.
She is wielding a +0 rapier.
The iguana barely misses you.
The magic dart hits the iguana.
You kill the iguana!
Duvessa shouts!
You see here an iguana corpse.
You see here 4 stones.
Duvessa says, "Did you see that move?
Perfect!"
Dowan zaps a wand.
The roots erupt in riotous growth!
The grasping roots grab you! The grasping roots constrict you!
You hear an angry hiss.
Casting: Magic Dart (safe; 1% risk of failure)
Confirm with . or Enter, or press ? or * to list all spells.
Aiming: Searing Ray (safe; 1% risk of failure)
Press: ? - help, Shift-Dir - straight line, f - Dowan
Aim: Dowan, wielding a +0 dagger, wearing a +2 robe of fire resistance and carrying a wand of roots (13) (75% to hit)
The searing ray hits Duvessa.
Duvessa is lightly wounded.
The searing ray hits Dowan.
Dowan is lightly wounded. (Press . to maintain the ray.)
The grasping roots constrict you.
The searing ray hits Duvessa.
Duvessa is lightly wounded.
The searing ray hits Dowan.
Dowan is moderately wounded.
The grasping roots constrict you.
You escape the roots grasp.
Duvessa hits you with a +0 rapier!
* * * LOW HITPOINT WARNING * * *
It was a potion of heal wounds.
You feel much better. Duvessa hits you with a +0 rapier.
Dowan zaps a wand.
The roots erupt in riotous growth!
The grasping roots grab you!
Duvessa is unaffected.
The grasping roots constrict you.
* * * LOW HITPOINT WARNING * * *
You escape the roots grasp.
Duvessa attacks as you move away! Duvessa hits you with a +0 rapier!
You die...

#... ... .# ### #.## #.#
##.# #..#########.# #..#
###..#.........#
#.####.............#
#.##...............#
###......†....e>....#.#
##....##......e.@......#
...####.........####..##
.### #)........# ##
#..........#
#...........#
#...........#
............#
..........#


You could see Duvessa and Dowan.

Vanquished Creatures
  2 jellies (Sewer)
  A hound (D:4)
  An orc priest (D:3)
  An iguana (D:4)
  2 river rats
  6 adders
  3 worms
  2 dart slugs
  4 orcs (D:3)
  4 bats
  17 endoplasms
  7 giant cockroaches
  5 goblins
  3 hobgoblins
  3 jackals (D:1)
  2 quokkas
  6 ball pythons
  8 frilled lizards
  4 kobolds
  11 rats
92 creatures vanquished.

Notes
Turn   | Place    | Note
-------+----------+-------------------------------------------
     0 | D:1      | Heoruswealwe the Deep Elf Conjurer began the quest for the
                  | Orb.
     0 | D:1      | Reached XP level 1. HP: 10/10 MP: 6/6
   151 | D:1      | Reached XP level 2. HP: 15/15 MP: 8/8
   158 | D:1      | Learned a level 2 spell: Searing Ray
   387 | D:1      | Reached XP level 3. HP: 19/19 MP: 10/10
   391 | D:1      | Learned a level 3 spell: Dazzling Flash
   403 | D:1      | Reached skill level 5 in Conjurations
   467 | D:1      | Found Ittide Jaes's Assorted Antiques.
   483 | D:1      | Bought a scroll labelled QEIFOK KAODWA for 23 gold pieces
   483 | D:1      | Bought a scroll labelled DOOFAF YSIDD for 23 gold pieces
  1168 | D:3      | Reached XP level 4. HP: 24/24 MP: 12/12
  1173 | D:3      | Learned a level 4 spell: Fulminant Prism
  1213 | D:3      | Found a glowing golden altar of the Shining One.
  1315 | D:3      | Reached skill level 5 in Spellcasting
  1548 | D:3      | Identified the +2 mace "Ziumuom" {vamp, *Slow rElec rC++
                  | rN+++ Dex-2}
  1572 | D:3      | Found a glowing drain.
  1584 | Sewer    | Entered a sewer
  1602 | Sewer    | Reached XP level 5. HP: 28/28 MP: 14/14
  1607 | Sewer    | Learned a level 4 spell: Iskenderun's Mystic Blast
  1824 | Sewer    | Found a viscous altar of Jiyva.
  2294 | D:4      | Reached XP level 6. HP: 32/32 MP: 17/17
  2415 | D:4      | Noticed Dowan
  2416 | D:4      | Noticed Duvessa
  2426 | D:4      | HP: 1/32 [Duvessa/+0 rapier (10)]
  2428 | D:4      | Slain by Duvessa

Illustrated notes

Levels and vault maps discovered:
D:1:      ncdulo_wetmaze, layout_rooms, serial_shops, shop
D:2:      layout_loops_ring
D:3:      layout_basic, mainiacjoe_overflow_cross_hatched, portal_sewer_entry_b,
          chequers_serial_rivers_micro_b, minmay_surrounded
D:4:      layout_cave_pods, nemelex_diamond_rough_becter,
          minmay_temple_entry_gardened_gates, uniq_duvessa

Skill      XL: |  1  2  3  4  5 |
---------------+----------------+-----
Spellcasting   | 4 5 6 |  6.6
Conjurations   | 5 6 |  6.6
Dodging        | |  2.4
Stealth        | |  2.4

Action                     |  1- 3 |  4- 6 || total
---------------------------+-------+-------++-------
  Melee: Unarmed           |       |    35 ||    35
         Punch             |       |     3 ||     3
   Cast: Magic Dart        |    82 |   117 ||   199
         Searing Ray       |       |     1 ||     1
    Use: Potion            |       |     1 ||     1
 Armour: Robe              |     1 |     1 ||     2
  Dodge: Dodged            |     3 |     7 ||    10
